 Dungeon Crawl Stone Soup version 0.31-a0-986-g5e6e4ef867 (webtiles) character file.

Game seed: 2822254407845368198

8372 lunkers the Brawler (level 11, 0/77 HPs)
             Began as a Meteoran Shapeshifter on Nov 8, 2023.
             Slain by a six-headed hydra (1 damage)
             ... on level 3 of the Lair of Beasts.
             The game lasted 00:09:53 (3606 turns).

lunkers the Brawler (Meteoran Shapeshifter)         Turns: 3606, Time: 00:09:54

Health: 0/77       AC: 14    Str: 19    XL:     11   Next: 84%
Magic:  12/12      EV: 11    Int: 11    God:
Gold:   446        SH:  0    Dex: 16    Spells: 10/10 levels left

rFire   . .          .
                       - Unarmed
rCold   . . .        (shield currently unavailable)
rNeg    . . .        j - +4 ring mail
rPois   .            l - +2 helmet
rElec   .            u - +0 cloak
rCorr   .            b - +0 pair of gloves
SInv    .            (no boots)
Will    +....        (no amulet)
Stlth   +            e - +4 ring of slaying
HPRegen 0.32/turn    (no ring)
MPRegen 0.13/turn

%: no passive effects
@: flux-form, glowing
A: glow, contaminating, sense surroundings 2, otherworldly, glowing, explore
regen
a: Begin Untransformation


You were on level 3 of the Lair of Beasts.
You were something dangerously unstable.
You visited 2 branches of the dungeon, and saw 11 of its levels.

You collected 446 gold pieces.

Inventory:

Armour
 b - a +0 pair of gloves (worn)
 j - a +4 ring mail (worn)
 l - a +2 helmet (worn)
 s - a +0 buckler
 u - a +0 cloak (worn)
Jewellery
 e - a +4 ring of slaying (left hand)
 h - a ring of ice
 p - a ring of wizardry
Talismans
 c - a beast talisman
 d - a flux talisman (active)
Wands
 w - a wand of mindburst (14)
Scrolls
 a - 3 scrolls of teleportation
 t - a scroll of enchant armour
 y - a scroll of identify
Potions
 f - 2 potions of might
 g - a potion of attraction
 i - a potion of brilliance
 k - a potion of haste {unknown}
 m - 2 potions of heal wounds
 n - a potion of cancellation {unknown}
 o - a potion of lignification
 q - a potion of resistance {unknown}
 r - a potion of invisibility {unknown}
 v - a potion of curing {unknown}
 x - a potion of enlightenment {unknown}


   Skills:
 + Level 1.3 Fighting
 + Level 2.3 Dodging
 * Level 16.6 Unarmed Combat
 + Level 11.5 Shapeshifting


You had 10 spell levels left.
You didn't know any spells.
Your spell library contained the following spells:

 Spells                   Type           Power      Damage    Failure   Level
 Shock                    Conj/Air       0%         1d3       52%         1
 Ignite Poison            Fire/Tmut/Pois 0%         N/A       88%         3
 Swiftness                Air            0%         N/A       88%         3
 Airstrike                Air            0%         2d(0-16)  99%         4
 Sticky Flame             Conj/Fire      0%         2d3       99%         4
 Ignition                 Fire           0%         3d3       100%        8


Dungeon Overview and Level Annotations

Branches:
Dungeon (8/15) Zot: 1867     Lair (3/5) D:8 Zot: 1234
 Temple: D:4-7        Swamp: Lair:2-3    Shoals: Lair:2-3     Snake: Lair:2-3
 Spider: Lair:2-3

Altars:
Elyvilon
Fedhas
Qazlal
Uskayaw
Vehumet
Yredelemnul

Shops:
D:1 =   D:7 *

Annotations:
D:6 Jeremiah


Innate Abilities, Weirdness & Mutations

You are something dangerously unstable.
You glow with magical radiation, making you easy to see and hit.
Foes you strike become dangerously contaminated with magical radiation.
You are incapable of wielding weapons or throwing items.
You passively map the area around you.
You are easily found by Zot.
You glow in the dark.
You regain HP and MP as you explore.


Message History

You punch the six-headed hydra!
The six-headed hydra begins to glow.
The six-headed hydra is moderately wounded.
The six-headed hydra bites you.
* * * LOW HITPOINT WARNING * * *
The six-headed hydra bites you.
* * * LOW HITPOINT WARNING * * *
The six-headed hydra closely misses you.
The six-headed hydra bites you but does no damage.
The six-headed hydra barely misses you.
The six-headed hydra bites you but does no damage.
You hit the six-headed hydra.
The six-headed hydra glows dangerously bright.
The six-headed hydra is moderately wounded.
The six-headed hydra bites you.
* * * LOW HITPOINT WARNING * * *
The six-headed hydra barely misses you.
The six-headed hydra bites you but does no damage.
The six-headed hydra bites you!
* * * LOW HITPOINT WARNING * * *
The six-headed hydra bites you.
* * * LOW HITPOINT WARNING * * *
The six-headed hydra bites you.
* * * LOW HITPOINT WARNING * * *
You hit the six-headed hydra.
The six-headed hydra shudders as magic cascades through it!
The six-headed hydra twists and deforms.
The six-headed hydra is heavily wounded.
Unknown command.
You punch the six-headed hydra!
The six-headed hydra begins to glow.
The six-headed hydra is severely wounded.
The six-headed hydra bites you but does no damage.
The six-headed hydra barely misses you. x2; The six-headed hydra misses you.
The six-headed hydra bites you but does no damage.
The six-headed hydra bites you.
* * * LOW HITPOINT WARNING * * *
You punch the six-headed hydra!
The six-headed hydra glows dangerously bright.
The six-headed hydra is severely wounded.
The six-headed hydra bites you.
You die...

, * *, , #### *,,
,....... ####P.##### *
......., #.........#
....... #.........## *
....... #..........# ,* ,
....... *#.........÷## *
,,,.......###......÷..÷.#
.............<....<### *
, ,.......pD....)......#
* < ........##..........#
, ,
,,..?....###.........P# *
***.###.##* #.........##
* * ## #.........# *,, *
######.+### ..* #..#
#..,* ..## * * #..######
*


You could see a six-headed hydra (heavy contam, misshapen).

Vanquished Creatures
  Urug (Lair:3)
  An elephant (Lair:3)
  5 cane toads
  A komodo dragon (Lair:2)
  9 blink frogs
  4 steam dragons
  8 water moccasins
  2 orc warriors
  An ice beast (D:7)
  A black bear (D:5)
  3 ogres
  A kobold brigand (D:8)
  Blork the orc (D:6)
  2 scorpions (D:4)
  3 bullfrogs
  2 gnoll sergeants
  12 wights
  2 killer bees (D:7)
  4 howler monkeys
  A jelly (D:7)
  3 orc priests
  7 hounds
  2 sleepcaps
  2 orc wizards
  2 iguanas
  11 gnolls
  5 adders
  A shadow imp (D:7)
  3 white imps
  4 worms
  A dart slug (D:3)
  9 orcs
  4 endoplasms
  A giant cockroach (D:4)
  A hobgoblin (D:3)
  10 jackals
  2 quokkas
  A ball python zombie (D:3)
  3 bats
  A frilled lizard (D:1)
  6 goblins
  A jackal zombie (D:3)
  11 kobolds
  4 rats
159 creatures vanquished.

Notes
Turn   | Place    | Note
-------+----------+-------------------------------------------
     0 | D:1      | lunkers the Meteoran Shapeshifter began the quest for the
                  | Orb.
     0 | D:1      | Reached XP level 1. HP: 16/16 MP: 2/2
    12 | D:1      | Found Bunosk's Jewellery Boutique.
   118 | D:1      | Reached XP level 2. HP: 15/23 MP: 3/3
   121 | D:1      | Reached skill level 4 in Unarmed Combat
   434 | D:2      | Reached XP level 3. HP: 27/28 MP: 4/4
   484 | D:2      | Reached XP level 4. HP: 35/35 MP: 5/5
   753 | D:3      | Reached skill level 5 in Unarmed Combat
   808 | D:3      | Reached XP level 5. HP: 40/40 MP: 6/6
   949 | D:3      | Found a white marble altar of Elyvilon.
  1010 | D:3      | Found a radiant altar of Vehumet.
  1199 | D:3      | Found a basalt altar of Yredelemnul.
  1268 | D:4      | Reached skill level 6 in Unarmed Combat
  1268 | D:4      | Reached XP level 6. HP: 47/47 MP: 7/7
  1290 | D:4      | Reached skill level 5 in Shapeshifting
  1307 | D:4      | Noticed an ogre
  1316 | D:4      | Killed an ogre
  1317 | D:4      | Reached skill level 7 in Unarmed Combat
  1317 | D:4      | Reached XP level 7. HP: 24/52 MP: 8/8
  1624 | D:5      | Entered Level 5 of the Dungeon
  1736 | D:5      | Reached skill level 8 in Unarmed Combat
  1752 | D:5      | Noticed a water moccasin
  1766 | D:5      | Killed a water moccasin
  1767 | D:5      | Reached XP level 8. HP: 13/59 MP: 9/9
  1773 | D:5      | HP: 4/88 [poisoned by a water moccasin]
  1777 | D:5      | HP: 1/88 [poisoned by a water moccasin]
  1959 | D:5      | Reached skill level 9 in Unarmed Combat
  2037 | D:6      | Reached skill level 10 in Unarmed Combat
  2042 | D:6      | Gained mutation: You passively map the area around you.
                  | [Meteoran growth]
  2042 | D:6      | Reached XP level 9. HP: 64/64 MP: 10/10
  2050 | D:6      | Noticed Jeremiah
  2114 | D:6      | Found a stormy altar of Qazlal.
  2259 | D:6      | Noticed Blork the orc
  2276 | D:6      | Killed Blork the orc
  2459 | D:7      | Reached skill level 11 in Unarmed Combat
  2491 | D:7      | Found a blossoming altar of Fedhas.
  2551 | D:7      | Found a hide-covered altar of Uskayaw.
  2575 | D:7      | Reached skill level 12 in Unarmed Combat
  2655 | D:7      | Found Beweyvup's General Store.
  2700 | D:8      | Reached XP level 10. HP: 58/70 MP: 11/11
  2844 | D:8      | Reached skill level 13 in Unarmed Combat
  2982 | D:8      | Found a staircase to the Lair.
  3007 | D:13     | Identified the "Jisch"
  3007 | Lair:1   | Entered Level 1 of the Lair of Beasts
  3007 | Lair:1   | Noticed a cane toad
  3012 | Lair:1   | Killed a cane toad
  3016 | Lair:1   | Reached skill level 14 in Unarmed Combat
  3041 | Lair:2   | Noticed a cane toad
  3049 | Lair:2   | Killed a cane toad
  3109 | Lair:3   | Reached skill level 10 in Shapeshifting
  3131 | Lair:3   | Reached XP level 11. HP: 22/77 MP: 12/12
  3144 | Lair:3   | Noticed Urug
  3175 | Lair:2   | Reached skill level 15 in Unarmed Combat
  3456 | Lair:3   | Noticed an elephant
  3456 | Lair:3   | Noticed an elephant
  3456 | Lair:3   | Noticed an elephant
  3464 | Lair:3   | Noticed a six-headed hydra
  3470 | Lair:3   | Killed an elephant
  3471 | Lair:3   | Reached skill level 16 in Unarmed Combat
  3587 | Lair:3   | Killed Urug
  3605 | Lair:3   | HP: 1/77 [six-headed hydra (5)]
  3606 | Lair:3   | Slain by a six-headed hydra

Illustrated notes

Levels and vault maps discovered:
D:1:      wander_arrival_desolate, layout_basic, serial_shops, shop_coins
D:2:      layout_loops_corners, minmay_quadrilaterals
D:3:      layout_loops_corners, lemuel_zombie_altar_yredelemnul,
          mainiacjoe_overflow_24_doors, mainiacjoe_overflow_paths
D:4:      layout_rooms, hangedman_abyss_or_decor_lesser_grid, grunt_ministairs_1
D:5:      layout_basic, temple_green, uniq_sigmund, uniq_pikel
D:6:      layout_rooms, kennysheep_little_box, uniq_blork_the_orc, uniq_jeremiah
D:7:      layout_gridville, fedhas_altar_2, mainiacjoe_overflow_boulevard,
          serial_shops, shop
D:8:      layout_loops_ring, lair_entry_dummy, kennysheep_generic_room_10
Lair:1:   layout_roguey, beast_lair_carwin_5
Lair:2:   layout_layer_cave, mainiacjoe_swamp_entry_angry_trees,
          serial_bayou_pond_e, grunt_megastairs_4
Lair:3:   layout_roguey, dummy_spider_entry, grunt_forest_small_clearing_treed,
          serial_bayou_shore_b, uniq_urug

Skill      XL: |  1  2  3  4  5  6  7  8  9 10 11 |
---------------+----------------------------------+-----
Unarmed Combat | 4 5 6 7 8 10 12 14 16 | 16.6
Shapeshifting  | 4 5 6 7 8 10 11 | 11.5
Fighting       | |  1.3
Dodging        | |  2.3

Action                     |  1- 3 |  4- 6 |  7- 9 | 10-12 || total
---------------------------+-------+-------+-------+-------++-------
  Melee: Unarmed           |    47 |    76 |   231 |   207 ||   561
         Punch             |       |     1 |     1 |       ||     2
  Evoke: Wand              |       |       |       |     6 ||     6
    Use: Scroll            |       |     2 |     9 |     2 ||    13
         Potion            |       |       |     2 |     1 ||     3
 Armour: Animal skin       |     7 |       |       |       ||     7
         Chain mail        |    27 |    13 |       |       ||    40
         Ring mail         |       |    23 |   145 |   166 ||   334
         Skin              |       |       |     3 |       ||     3
  Dodge: Dodged            |    15 |    30 |   106 |    97 ||   248
   Form: Flux              |       |       |     1 |       ||     1

Table legend: (Time is in decaauts)
 A = Elapsed time spent in this place.
 B = Non-inter-level travel time spent in this place.
 C = Inter-level travel time spent in this place.
 D = Time resting spent in this place.
 E = Time spent auto-exploring this place.
 F = Levels seen in this place.
 G = Mean time per level.
                   A        B        C        D        E       F      G
               +--------+--------+--------+--------+--------+-----+--------+
         Total |   3496 |   3410 |     86 |     26 |   2010 |  11 |  317.8 |
       Dungeon |   2932 |   2851 |     81 |     26 |   1785 |   8 |  366.5 |
          Lair |    564 |    559 |      5 |      0 |    225 |   3 |  188.0 |
               +--------+--------+--------+--------+--------+-----+--------+

Top non-repeatable levels by time:
     D:3: 671 daAuts
  Lair:2: 428 daAuts
     D:5: 374 daAuts
     D:4: 369 daAuts
     D:7: 361 daAuts
     D:2: 327 daAuts
     D:8: 303 daAuts
     D:6: 284 daAuts
     D:1: 240 daAuts
  Lair:3: 105 daAuts
  Lair:1: 30 daAuts
